Map: Equilibrium LE

Players

Subwayeatn

  • Race: Zerg Zerg
  • League: Platinum
  • Spawn Location: 1:00

Probetoss - Winner!

  • Race: Terran Terran
  • League: Diamond
  • Spawn Location: 11:00

VOD

Have the link to the VOD?

Description

Time

  • Played on: Oct. 22, 2023, 10:41 p.m.
  • Length: 15:35
Show
View Real Time Build Order
Export as new Build Order

Subwayeatn Zerg 

Build Orders: Hatch First, Lurkers, Roach Hydra 

Get SALT Encoding   

  12  0:01  Drone  
  13  0:13  Overlord  
  13  0:18  Drone  
  14  0:32  Drone x2  
  16  0:36  Drone  
  17  0:52  Hatchery  
  16  1:01  Extractor  
  15  1:10  Spawning Pool  
  14  1:12  Drone  
  14  1:14  Drone  
  16  1:23  Overlord  
  16  1:30  Drone  
  17  1:34  Drone  
  18  1:44  Drone  
  19  1:55  Drone  
  19  1:58  Queen  
  22  2:08  Queen  
  24  2:10  Zergling x4  
  26  2:18  Metabolic Boost  
  26  2:23  Zergling x2  
  26  2:26  Zergling x2  
  27  2:55  Drone x6  
  27  2:57  Lair  
  33  3:11  Roach Warren  
  32  3:17  Evolution Chamber  
  31  3:24  Extractor x2, Evolution Chamber, Overlord  
  28  3:32  Spine Crawler  
  25  3:51  Drone x3  
  25  3:53  Drone  
  25  3:54  Drone x2  
  25  3:55  Zerg Missile Weapons Level 1  
  31  3:58  Glial Reconstitution  
  31  4:02  Overlord  
  31  4:13  Roach  
  33  4:18  Zergling x2  
  34  4:25  Drone x5, Extractor  
  38  4:33  Zerg Ground Armor Level 1  
  38  4:40  Roach  
  38  4:44  Ravager  
  41  4:48  Drone  
  41  4:49  Drone x2  
  44  4:57  Queen  
  44  5:13  Ravager  
  47  5:14  Roach  
  47  5:15  Roach x2  
  51  5:28  Overlord  
  51  5:30  Overlord  
  51  5:39  Hydralisk Den  
  50  5:53  Roach x5  
  60  6:11  Overlord  
  60  6:12  Drone  
  60  6:13  Drone x7  
  68  6:20  Overlord  
  68  6:24  Overseer  
  68  6:26  Pneumatized Carapace  
  68  6:36  Lurker Den  
  67  6:44  Roach  
  69  6:47  Zergling x2  
  69  6:50  Hatchery  
  67  7:06  Roach  
  67  7:07  Roach x6  
  81  7:17  Drone x3  
  84  7:27  Zerg Ground Armor Level 2  
  84  7:34  Overlord x3  
  78  8:04  Ravager  
  78  8:05  Ravager  
  76  8:06  Queen  
  76  8:07  Drone x6  
  76  8:08  Drone x7  
  89  8:22  Extractor  
  88  8:27  Extractor  
  72  8:49  Hydralisk x12  
  72  8:55  Grooved Spines  
  96  9:00  Zerg Missile Weapons Level 2  
  96  9:12  Spine Crawler  
  96  9:16  Lurker x2  
  97  9:20  Lurker x2  
  97  9:21  Lurker  
  100  9:24  Hydralisk x4  
  100  9:25  Hydralisk  
  100  9:29  Drone x2  
  112  9:36  Drone  
  112  9:37  Drone  
  112  9:38  Overlord x2  
  114  9:45  Muscular Augments  
  114  10:00  Hatchery  
  114  10:01  Extractor  
  91  10:29  Roach x3  
  91  10:30  Roach x15  
  104  10:56  Roach x4  
  104  10:57  Roach x2  
  116  11:04  Drone  
  116  11:05  Drone x2, Infestation Pit  
  102  11:22  Zergling x8  
  84  11:28  Queen  
  84  11:30  Drone x2  
  84  11:39  Overlord x2  
  84  11:47  Zerg Melee Weapons Level 1  
  84  11:52  Zergling x2  
  84  11:53  Zergling x18  
  94  11:55  Ravager x2  
  94  11:56  Ravager x4  
  94  11:59  Zergling x2  
  98  12:26  Zergling x20  
  95  12:58  Hive  
  95  12:59  Hydralisk x3  
  95  13:00  Hydralisk x7  
  115  13:15  Overlord x3  
  115  13:18  Roach x5  
  125  13:29  Drone x10  
  135  13:41  Zergling x2  
  135  13:42  Zergling x6  
  139  13:49  Hydralisk x6  
  149  14:20  Extractor  
  149  14:21  Spine Crawler  
  144  14:24  Spine Crawler  
  84  14:47  Infestor x4  
  84  14:52  Roach x14  
  120  14:53  Roach x10  
  130  15:10  Hydralisk  
  130  15:11  Hydralisk x4  
Show
View Real Time Build Order
Export as new Build Order

Probetoss Terran - Winner!

Build Orders: 2 Factory, Gas First Reaper Expand, Mech 

Get SALT Encoding   

  12  0:00  SCV  
  13  0:12  SCV  
  14  0:19  Supply Depot  
  14  0:24  SCV  
  15  0:30  Refinery  
  16  0:44  Barracks  
  16  0:45  SCV  
  16  0:57  SCV  
  17  1:09  SCV  
  18  1:18  Refinery  
  18  1:21  SCV  
  19  1:31  Reaper  
  20  1:41  Command Center  
  20  1:43  SCV  
  21  2:03  Factory  
  21  2:05  Barracks Reactor  
  21  2:08  SCV  
  23  2:22  Supply Depot  
  23  2:27  Orbital Command  
  21  2:54  Orbital Command  
  21  2:55  SCV  
  22  3:04  Cyclone  
  24  3:07  SCV  
  24  3:08  Barracks Tech Lab  
  25  3:16  Factory  
  25  3:18  Cyclone  
  27  3:49  Barracks Tech Lab  
  27  3:52  Factory Reactor  
  27  3:57  SCV x2  
  29  4:09  SCV  
  30  4:17  SCV  
  30  4:21  SCV  
  30  4:22  Factory, Refinery  
  30  4:23  Refinery  
  32  4:26  Siege Tank  
  32  4:27  Hurricane Engines  
  32  4:29  SCV  
  32  4:30  Hellion x2  
  40  4:33  SCV  
  41  4:43  SCV  
  42  4:46  SCV  
  43  4:56  Cyclone  
  45  5:14  SCV  
  45  5:19  Siege Tank, Cyclone, SCV  
  45  5:20  Supply Depot x2  
  52  5:22  Supply Depot  
  52  5:23  Factory Reactor  
  52  5:25  Barracks Reactor  
  52  5:31  Starport  
  52  5:33  Hellion  
  54  5:42  SCV  
  55  5:52  Hellion  
  55  5:56  Cyclone  
  59  6:06  Cyclone  
  59  6:07  Infernal Pre-Igniter  
  61  6:11  SCV  
  61  6:12  SCV  
  61  6:18  Command Center  
  63  6:20  Armory  
  63  6:22  Armory  
  63  6:23  Barracks Tech Lab, Engineering Bay  
  63  6:25  Liberator  
  66  6:27  Cyclone  
  68  6:41  Cyclone x2  
  68  6:42  Cyclone  
  68  6:46  SCV x2  
  66  7:05  Hellion x2  
  70  7:16  Cyclone x2  
  74  7:23  SCV x2  
  76  7:35  SCV  
  76  7:36  SCV  
  78  7:37  Liberator x2  
  78  7:39  Cyclone  
  82  8:06  Cyclone x2  
  82  8:07  Siege Tank  
  82  8:08  Orbital Command  
  89  8:14  Factory  
  76  8:45  Orbital Command  
  74  8:50  Cyclone x3  
  74  8:51  Hellion  
  74  8:52  Siege Tank  
  85  9:12  SCV x3  
  88  9:24  SCV x2  
  88  9:30  Hellion  
  92  9:32  Supply Depot  
  92  9:33  Supply Depot  
  92  9:35  Supply Depot  
  92  9:50  SCV  
  93  9:52  Refinery  
  93  9:53  Cyclone x2, SCV x2  
  93  9:54  Hellion, Refinery  
  93  9:57  Supply Depot  
  93  9:58  Supply Depot  
  101  10:01  Supply Depot  
  101  10:02  SCV  
  102  10:21  Supply Depot  
  102  10:22  Supply Depot  
  90  10:35  Cyclone  
  90  10:36  Cyclone x3  
  85  11:03  Siege Tank x2  
  83  11:25  Cyclone x4  
  85  11:35  Siege Tank x2  
  85  11:38  Terran Vehicle Weapons Level 1, Terran Vehicle And Ship Armor Level 1, SCV  
  85  11:39  SCV x2  
  94  11:53  Liberator x2  
  100  11:58  Hellion x2  
  100  11:59  Command Center, Hellion x2  
  108  12:05  SCV x3  
  109  12:17  SCV x3  
  112  12:33  Hellion x4  
  112  12:36  Siege Tank x2  
  122  13:04  Cyclone x4  
  130  13:19  Siege Tank x2  
  136  13:23  Neosteel Armor  
  136  13:26  Missile Turret  
  136  13:28  Missile Turret  
  136  13:33  Missile Turret x2  
  136  13:34  Planetary Fortress  
  136  13:36  SCV x3  
  139  13:48  SCV x2  
  139  13:49  SCV  
  142  14:27  Sensor Tower  
  134  14:44  Cyclone x2  
  134  14:45  Hellion x2  
  130  14:46  Siege Tank x2  
  130  14:47  Liberator x2  
Tags
 
Add a new tag
Caveats
  • Supply blocks, unpowered buildings, or Contaminate may cause inaccurate times.
  • Supply counts are checked every 10 seconds.